3L
MONTANA PANDAS @ PANAMA CITY PIRANHAS
08/19/2042
 
TOP OF THE 1ST
Montana Pandas batting - Pitching for Panama City Piranhas : RHP Román Mejía
Pitching: RHP Román Mejía
Batting: SHB Gerrie Bond 0-0: Swinging Strike
0-1: Ball
1-1: Ball
2-1: Ball
3-1: Called Strike
3-2: Ground out 6-3 (Groundball, 6, EV 85.6 MPH)
Batting: RHB Holden Ford 0-0: Fly out, F3 (Line Drive, 3, EV 63.1 MPH)
Batting: LHB Dean Jackson 0-0: Fly out, F7 (Flyball, 78D, EV 102.5 MPH)
Top of the 1st over - 0 runs, 0 hits, 0 errors, 0 left on base; Montana 0 - Panama City 0
BOTTOM OF THE 1ST
Panama City Piranhas batting - Pitching for Montana Pandas : LHP Adrik Mihalushkin
Pitching: LHP Adrik Mihalushkin
Batting: LHB Oasiz Wiesblatt 0-0: Called Strike
0-1: Ball
1-1: Foul Ball, location: 2F
1-2: Ball
2-2: Foul Ball, location: 2F
2-2: Ground out 4-3 (Groundball, 4, EV 86.2 MPH)
Batting: RHB Cleveland Kraut 0-0: Called Strike
0-1: Ground out 5-3 (Groundball, 56S, EV 90.6 MPH)
Batting: RHB Blaze Alexander 0-0: Ball
1-0: Ball
2-0: Foul Ball, location: 2F
2-1: Foul Ball, location: 2F
2-2: DOUBLE (Line Drive, 7LM, EV 106.9 MPH)
Batting: RHB Carsello Scruggins 0-0: Called Strike
0-1: Ground out 5-3 (Groundball, 5S, EV 85.6 MPH)
Bottom of the 1st over - 0 runs, 1 hit, 0 errors, 1 left on base; Montana 0 - Panama City 0
TOP OF THE 2ND
Montana Pandas batting - Pitching for Panama City Piranhas : RHP Román Mejía
Batting: LHB Bharti Mona 0-0: Called Strike
0-1: Ball
1-1: Ground out U3 (Groundball, 3, EV 98.1 MPH)
Batting: RHB Tony Randolph 0-0: Called Strike
0-1: Ground out 5-3 (Groundball, 5, EV 84.4 MPH)
Batting: LHB Robbie Brendle 0-0: SINGLE (Groundball, 4D, EV 106.9 MPH)
Batting: SHB Chris Piña 0-0: Called Strike
0-1: Swinging Strike
0-2: Strikes out swinging
Top of the 2nd over - 0 runs, 1 hit, 0 errors, 1 left on base; Montana 0 - Panama City 0
BOTTOM OF THE 2ND
Panama City Piranhas batting - Pitching for Montana Pandas : LHP Adrik Mihalushkin
Batting: RHB William Penn 0-0: Ball
1-0: Ground out 6-3 (Groundball, 6S, EV 88.8 MPH)
Batting: RHB Silvian Burger 0-0: Ball
1-0: Ball
2-0: Called Strike
2-1: Swinging Strike
2-2: Foul Ball, location: 2F
2-2: Ground out 4-3 (Groundball, 4, EV 85.0 MPH)
Batting: LHB Hugh Hill 0-0: Called Strike
0-1: Ground out 5-3 (Groundball, 56S, EV 60.0 MPH)
Bottom of the 2nd over - 0 runs, 0 hits, 0 errors, 0 left on base; Montana 0 - Panama City 0
TOP OF THE 3RD
Montana Pandas batting - Pitching for Panama City Piranhas : RHP Román Mejía
Batting: LHB António Casas 0-0: Ball
1-0: Ball
2-0: Foul Ball, location: 2F
2-1: Swinging Strike
2-2: Foul Ball, location: 2F
2-2: Ball
3-2: Ground out U3 (Groundball, 3, EV 88.8 MPH)
Batting: RHB José Santos 0-0: Fly out, F7 (Flyball, 7D, EV 104.4 MPH)
Batting: SHB Gerrie Bond 0-0: Swinging Strike
0-1: Ball
1-1: Ground out U3 (Groundball, 3, EV 81.9 MPH)
Top of the 3rd over - 0 runs, 0 hits, 0 errors, 0 left on base; Montana 0 - Panama City 0
BOTTOM OF THE 3RD
Panama City Piranhas batting - Pitching for Montana Pandas : LHP Adrik Mihalushkin
Batting: RHB Luke Thornton 0-0: Ball
1-0: Ball
2-0: Fly out, F8 (Flyball, 8RM, EV 88.1 MPH)
Batting: RHB Hyeon-cheong Kim 0-0: Ground out 6-3 (Groundball, 6, EV 81.2 MPH)
Batting: LHB Oasiz Wiesblatt 0-0: Ball
1-0: Called Strike
1-1: Ground out 4-3 (Groundball, 34, EV 106.2 MPH)
Bottom of the 3rd over - 0 runs, 0 hits, 0 errors, 0 left on base; Montana 0 - Panama City 0
TOP OF THE 4TH
Montana Pandas batting - Pitching for Panama City Piranhas : RHP Román Mejía
Batting: RHB Holden Ford 0-0: Called Strike
0-1: Ball
1-1: Ball
2-1: Called Strike
2-2: Foul Ball, location: 2F
2-2: Ball
3-2: Fly out, F8 (Line Drive, 8RD, EV 99.4 MPH)
Batting: LHB Dean Jackson 0-0: Fly out, F7 (Flyball, 7D, EV 105.0 MPH)
Batting: LHB Bharti Mona 0-0: Ball
1-0: Ball
2-0: SINGLE (Flyball, 9LS, EV 89.4 MPH)
Batting: RHB Tony Randolph 0-0: Swinging Strike
0-1: Ball
Bharti Mona steals 2nd base
1-1: Foul Ball, location: 2F
1-2: Ball
2-2: Fly out, F8 (Flyball, 8RD, EV 88.8 MPH)
Top of the 4th over - 0 runs, 1 hit, 0 errors, 1 left on base; Montana 0 - Panama City 0
BOTTOM OF THE 4TH
Panama City Piranhas batting - Pitching for Montana Pandas : LHP Adrik Mihalushkin
Batting: RHB Cleveland Kraut 0-0: Ball
1-0: Ball
2-0: Ball
3-0: Foul Ball, location: 2F
3-1: Ground out 6-3 (Groundball, 6, EV 80.0 MPH)
Batting: RHB Blaze Alexander 0-0: Called Strike
0-1: Ground out 6-3 (Groundball, 6, EV 77.5 MPH)
Batting: RHB Carsello Scruggins 0-0: Foul Ball, location: 2F
0-1: Swinging Strike
0-2: SINGLE (Groundball, 56D, EV 106.9 MPH)
Batting: RHB William Penn 0-0: Called Strike
0-1: Foul Ball, location: 2F
0-2: Fielders Choice at 2nd, 6-4 (Groundball, 6, EV 109.4 MPH)
Bottom of the 4th over - 0 runs, 1 hit, 0 errors, 1 left on base; Montana 0 - Panama City 0
TOP OF THE 5TH
Montana Pandas batting - Pitching for Panama City Piranhas : RHP Román Mejía
Batting: LHB Robbie Brendle 0-0: Ball
1-0: Called Strike
1-1: Ball
2-1: Ball
3-1: Base on Balls
Batting: SHB Chris Piña 0-0: Ball
1-0: Hit by Pitch
Robbie Brendle to second
Batting: LHB António Casas 0-0: Ball
1-0: Called Strike
1-1: Ball
2-1: Ball
Wild Pitch!
Robbie Brendle to third
Chris Piña to second
3-1: SINGLE (Groundball, 6MD, EV 95.0 MPH)
Robbie Brendle scores
Chris Piña to third
Runner from 3rd tries for Home, SAFE, throw by CF to home
Batting: RHB José Santos 0-0: Grounds into double play, 5-4-3 (Groundball, 56, EV 103.8 MPH)
Batting: SHB Gerrie Bond 0-0: Ball
1-0: SINGLE (Groundball, 4MD, EV 95.6 MPH)
Batting: RHB Holden Ford 0-0: Called Strike
0-1: Swinging Strike
0-2: Strikes out swinging
Top of the 5th over - 2 runs, 2 hits, 0 errors, 1 left on base; Montana 2 - Panama City 0
BOTTOM OF THE 5TH
Panama City Piranhas batting - Pitching for Montana Pandas : LHP Adrik Mihalushkin
Batting: RHB Silvian Burger 0-0: Called Strike
0-1: Ball
1-1: Ball
2-1: Swinging Strike
2-2: Foul Ball, location: 2F
2-2: Ball
3-2: Foul Ball, location: 2F
3-2: Base on Balls
Batting: LHB Hugh Hill 0-0: Ball
1-0: Ball
2-0: Foul Ball, location: 2F
2-1: Called Strike
2-2: Fielders Choice at 2nd, 4-6 (Groundball, 4, EV 86.9 MPH)
Batting: RHB Luke Thornton 0-0: Called Strike
0-1: Ball
1-1: Ball
2-1: Foul Ball, location: 2F
2-2: Fly out, F8 (Flyball, 8LXD, EV 90.6 MPH)
Batting: RHB Hyeon-cheong Kim 0-0: Ball
1-0: Called Strike
1-1: Ball
2-1: Ball
3-1: Base on Balls
Hugh Hill to second
Batting: LHB Oasiz Wiesblatt 0-0: Called Strike
0-1: Ball
1-1: Foul Ball, location: 2F
1-2: Foul Ball, location: 2F
1-2: Fly out, F7 (Line Drive, 7D, EV 85.0 MPH)
Bottom of the 5th over - 0 runs, 0 hits, 0 errors, 2 left on base; Montana 2 - Panama City 0
TOP OF THE 6TH
Montana Pandas batting - Pitching for Panama City Piranhas : RHP Román Mejía
Batting: LHB Dean Jackson 0-0: Ball
1-0: Foul Ball, location: 2F
1-1: Ground out 3-1 (Groundball, 34, EV 87.5 MPH)
Batting: LHB Bharti Mona 0-0: Ball
1-0: Ball
2-0: Called Strike
2-1: Swinging Strike
2-2: Ball
3-2: Foul Ball, location: 2F
3-2: Foul Ball, location: 2F
3-2: Strikes out swinging
Batting: RHB Tony Randolph 0-0: Ball
1-0: Foul Ball, location: 2F
1-1: Ball
2-1: Ball
3-1: Foul Ball, location: 2F
3-2: Fly out, F9 (Flyball, 9, EV 97.5 MPH)
Top of the 6th over - 0 runs, 0 hits, 0 errors, 0 left on base; Montana 2 - Panama City 0
BOTTOM OF THE 6TH
Panama City Piranhas batting - Pitching for Montana Pandas : LHP Adrik Mihalushkin
Pitching: RHP Morton Steele
Batting: RHB Cleveland Kraut 0-0: Ball
1-0: Ball
2-0: Called Strike
2-1: Ball
3-1: Swinging Strike
3-2: Ground out 6-3 (Groundball, 6, EV 83.1 MPH)
Batting: RHB Blaze Alexander 0-0: SINGLE (Groundball, 3D, EV 95.0 MPH)
Batting: RHB Carsello Scruggins 0-0: Called Strike
0-1: Swinging Strike
0-2: Ball
1-2: Foul Ball, location: 2F
1-2: Ball
2-2: Foul Ball, location: 2F
2-2: Ball
3-2: Fly out, F9 (Flyball, 9, EV 80.6 MPH)
Batting: RHB William Penn 0-0: Foul Ball, location: 2F
0-1: Swinging Strike
0-2: Strikes out looking
Bottom of the 6th over - 0 runs, 1 hit, 0 errors, 1 left on base; Montana 2 - Panama City 0
TOP OF THE 7TH
Montana Pandas batting - Pitching for Panama City Piranhas : RHP Román Mejía
Batting: LHB Robbie Brendle 0-0: Called Strike
0-1: Ball
1-1: Ball
2-1: Ball
3-1: Foul Ball, location: 2F
3-2: Strikes out looking
Batting: SHB Chris Piña 0-0: Fly out, F6 (Popup, 6, EV 71.2 MPH)
Batting: LHB António Casas 0-0: Ball
1-0: Fly out, F8 (Flyball, 8LD, EV 97.5 MPH)
Top of the 7th over - 0 runs, 0 hits, 0 errors, 0 left on base; Montana 2 - Panama City 0
BOTTOM OF THE 7TH
Panama City Piranhas batting - Pitching for Montana Pandas : RHP Morton Steele
Pitching: RHP Kenji Aoki
Batting: RHB Silvian Burger 0-0: Ball
1-0: Called Strike
1-1: Called Strike
1-2: Fly out, F5 (Popup, 5L, EV 70.0 MPH)
Batting: LHB Hugh Hill 0-0: Called Strike
0-1: Ball
1-1: Foul Ball, location: 2F
1-2: Foul Ball, location: 2F
1-2: Fly out, F7 (Flyball, 7LS, EV 77.5 MPH)
Batting: RHB Luke Thornton 0-0: Swinging Strike
0-1: Swinging Strike
0-2: Strikes out looking
Bottom of the 7th over - 0 runs, 0 hits, 0 errors, 0 left on base; Montana 2 - Panama City 0
TOP OF THE 8TH
Montana Pandas batting - Pitching for Panama City Piranhas : RHP Román Mejía
Batting: RHB José Santos 0-0: Ground out 5-3 (Groundball, 56, EV 88.8 MPH)
Batting: SHB Gerrie Bond 0-0: Ball
1-0: Fly out, F5 (Line Drive, 5, EV 70.0 MPH)
Batting: RHB Holden Ford 0-0: Ball
1-0: Ball
2-0: Called Strike
2-1: Ball
3-1: Base on Balls
Pitching: LHP Gunner Cross
Batting: LHB Dean Jackson 0-0: Foul Ball, location: 2F
0-1: Foul Ball, location: 2F
0-2: Fly out, F9 (Flyball, 9LS, EV 96.2 MPH)
Top of the 8th over - 0 runs, 0 hits, 0 errors, 1 left on base; Montana 2 - Panama City 0
BOTTOM OF THE 8TH
Panama City Piranhas batting - Pitching for Montana Pandas : RHP Kenji Aoki
Batting: RHB Hyeon-cheong Kim 0-0: Ground out 1-3 (Groundball, P, EV 62.5 MPH)
Batting: LHB Oasiz Wiesblatt 0-0: Called Strike
0-1: Ball
1-1: Ball
2-1: Foul Ball, location: 2F
2-2: Ball
3-2: Foul Ball, location: 2F
3-2: Base on Balls
Batting: RHB Cleveland Kraut 0-0: Foul Ball, location: 2F
0-1: Ground out 6-3 (Groundball, 6MS, EV 87.5 MPH)
Oasiz Wiesblatt to second
Pitching: RHP Jim Sison
Batting: RHB Blaze Alexander 0-0: Fly out, F3 (Line Drive, 3, EV 63.1 MPH)
Bottom of the 8th over - 0 runs, 0 hits, 0 errors, 1 left on base; Montana 2 - Panama City 0
TOP OF THE 9TH
Montana Pandas batting - Pitching for Panama City Piranhas : LHP Gunner Cross
Batting: LHB Bharti Mona 0-0: Ground out 4-3 (Groundball, 4, EV 80.0 MPH)
Batting: RHB Tony Randolph 0-0: Called Strike
0-1: Ball
1-1: Ball
2-1: Ball
3-1: Foul Ball, location: 2F
3-2: SINGLE (Groundball, 6MD, EV 98.1 MPH)
Batting: LHB Robbie Brendle 0-0: Ball
1-0: Swinging Strike
1-1: Swinging Strike
1-2: Strikes out swinging
Batting: SHB Chris Piña 0-0: Ball
1-0: Foul Ball, location: 2F
1-1: Foul Ball, location: 2F
1-2: DOUBLE (Line Drive, 78D, EV 111.2 MPH)
Tony Randolph to third
Runner from 3rd tries for Home, SAFE, throw by CF to home
Batting: LHB António Casas 0-0: Ball
1-0: Swinging Strike
1-1: Ball
2-1: SINGLE (Groundball, 4, EV 108.1 MPH) (infield hit)
Chris Piña to third
Batting: RHB José Santos 0-0: Foul Ball, location: 2F
0-1: Ball
1-1: Foul Ball, location: 2F
1-2: Fly out, F9 (Flyball, 89S, EV 86.2 MPH)
Top of the 9th over - 1 run, 3 hits, 0 errors, 2 left on base; Montana 3 - Panama City 0
BOTTOM OF THE 9TH
Panama City Piranhas batting - Pitching for Montana Pandas : RHP Jim Sison
Pitching: RHP René Fontaine
Batting: RHB Carsello Scruggins 0-0: Called Strike
0-1: Ball
1-1: Ball
2-1: Ball
3-1: Base on Balls
Batting: RHB William Penn 0-0: Ball
1-0: Swinging Strike
1-1: Foul Ball, location: 2F
1-2: Fly out, F9 (Flyball, 9S, EV 83.1 MPH)
Batting: RHB Silvian Burger 0-0: Grounds into double play, 6-4-3 (Groundball, 6MS, EV 88.8 MPH)
Bottom of the 9th over - 0 runs, 0 hits, 0 errors, 0 left on base; Montana 3 - Panama City 0
Friday, March 26th, 2021 - OOTP Baseball 20.8 Build 74